 Dungeon Crawl Stone Soup version 0.30-a0-610-gb513c0a51f (webtiles) character file.

Game seed: 13458717914073746481

178 M4edhros the Charlatan (level 5, -5/34 HPs)
             Began as an Octopode Artificer on Jan 8, 2023.
             Slain by Blork the orc
             ... wielding a +5 quarterstaff
              (7 damage)
             ... on level 5 of the Dungeon.
             The game lasted 00:02:02 (816 turns).

M4edhros the Charlatan (Octopode Artificer)          Turns: 816, Time: 00:02:02

Health: -5/34      AC:  1    Str: 11    XL:     5   Next: 58%
Magic:  5/5        EV: 14    Int: 14    God:
Gold:   26         SH:  0    Dex: 14    Spells: 4/4 levels left

rFire   . . .      SeeInvis .      - Unarmed
rCold   . . .      Faith    .    (no shield)
rNeg    . . .      Spirit   .    (helmet restricted)
rPois   .          Reflect  .    (no amulet)
rElec   .          Harm     .    (no ring)
rCorr   .          Rampage  .    (no ring)
Will    .....                    (no ring)
Stlth   +++                      (no ring)
HPRegen 0.25/turn                (no ring)
MPRegen 0.09/turn                (no ring)
                                 (no ring)
                                 (no ring)

@: no status effects
A: almost no armour, amphibious, 8 rings, camouflage 1, gelatinous body 1,
(nimble swimmer 1), tentacles
a: no special abilities


You were on level 5 of the Dungeon.
You visited 1 branch of the dungeon, and saw 5 of its levels.

You collected 26 gold pieces.

Inventory:

Wands
 b - a wand of flame (27) (quivered)
 c - a wand of charming (13)
 d - a wand of iceblast (5)
Scrolls
 e - 2 scrolls of identify {unknown}
 g - 2 scrolls of blinking {unknown}
 k - a scroll of teleportation {unknown}
Potions
 a - a potion of cancellation {unknown}
 f - 2 potions of degeneration {unknown}
 h - 2 potions of curing {unknown}
 i - a potion of heal wounds {unknown}
 j - a potion of mutation {unknown}


   Skills:
 + Level 2.2 Fighting
 + Level 3.1 Dodging
 + Level 3.2 Stealth
 * Level 2.8 Unarmed Combat
 + Level 4.0 Evocations


You had 4 spell levels left.
You didn't know any spells.
Your spell library contained the following spells:

 Spells                   Type           Power      Damage    Failure   Level
 Animate Dead             Necr           0%         N/A       96%         4
 Haunt                    Necr/Summ      0%         N/A       100%        7
 Infestation              Necr           0%         N/A       100%        8


Dungeon Overview and Level Annotations

Branches:
Dungeon (5/15)
 Temple: D:4-7

Altars:
Elyvilon
Hepliaklqana
Nemelex Xobeh
Okawaru

Annotations:
D:5 Blork the orc


Innate Abilities, Weirdness & Mutations

You cannot wear most types of armour.
You are amphibious.
You can wear up to eight rings at the same time.
Your skin changes colour to match your surroundings (Stealth+).
Your rubbery body absorbs attacks. (AC +1, EV +1)
((You are camouflaged when in or above water. (Stealth+)))
You have tentacles for arms and can constrict up to eight enemies at once.


Message History

The orc wizard is almost dead.
You constrict the orc wizard. The orc wizard barely misses you.
You tentacle-slap the orc wizard.
You kill the orc wizard!
Things that are here:
a +0 dagger; a +0 robe; an orc corpse
Things that are here:
a +0 morningstar; 2 boomerangs; a +0 scale mail You see here a +0 flail.
Found a faded altar of an unknown god.
Blork the orc comes into view.
He is wielding a +5 quarterstaff.
Found a hazy altar of Hepliaklqana.
The helpless Blork the orc fails to defend himself.
You tentacle-slap Blork the orc. You grab Blork the orc.
Blork the orc is lightly wounded.
You constrict Blork the orc, but do no damage.
Blork the orc closely misses you.
You tentacle-slap Blork the orc. You squeeze Blork the orc.
Blork the orc is lightly wounded.
You constrict Blork the orc. Blork the orc misses you.
You tentacle-slap Blork the orc.
Blork the orc is moderately wounded.
You constrict Blork the orc. Blork the orc barely misses you.
You tentacle-slap Blork the orc but do no damage.
Blork the orc is heavily wounded.
You constrict Blork the orc.
Blork the orc hits you with a +5 quarterstaff!
You tentacle-slap Blork the orc.
Blork the orc is heavily wounded.
You constrict Blork the orc. Blork the orc closely misses you.
You tentacle-slap Blork the orc.
Blork the orc is severely wounded.
You constrict Blork the orc.
Blork the orc hits you with a +5 quarterstaff!
* * * LOW HITPOINT WARNING * * *
You tentacle-slap Blork the orc.
Blork the orc is almost dead.
You constrict Blork the orc, but do no damage.
Blork the orc hits you with a +5 quarterstaff!
You die...

#§..§§#
##§§§## #§§§#
#§§§# #§§§#
#§§§# #§§§#
#####§§§####
#...@§§§§...#
#._o..#§.§_.#
#...........#
#####...#####
#...# #.8.#
#...# ####


You could see Blork the orc.

Vanquished Creatures
  A centaur zombie (D:4)
  A hound (D:4)
  A bullfrog skeleton (D:4)
  An orc wizard (D:5)
  3 adders
  An adder zombie (D:4)
  2 dart slugs
  2 orcs
  3 endoplasms
  A giant cockroach (D:4)
  A goblin (D:4)
  6 hobgoblins
  5 jackals
  A quokka (D:1)
  2 bats (D:3)
  3 kobolds
  2 rats (D:1)
36 creatures vanquished.

Vanquished Creatures (collateral kills)
  2 orcs
2 creatures vanquished.

Vanquished Creatures (others)
  19 plants (D:1)
19 creatures vanquished.

Grand Total: 57 creatures vanquished

Notes
Turn   | Place    | Note
-------+----------+-------------------------------------------
     0 | D:1      | M4edhros the Octopode Artificer began the quest for the
                  | Orb.
     0 | D:1      | Reached XP level 1. HP: 13/13 MP: 1/1
    64 | D:1      | Reached XP level 2. HP: 18/18 MP: 2/2
    93 | D:1      | Reached skill level 1 in Unarmed Combat
   223 | D:3      | Found a sparkling altar of Nemelex Xobeh.
   252 | D:3      | Reached XP level 3. HP: 23/23 MP: 3/3
   429 | D:4      | Found an iron altar of Okawaru.
   454 | D:4      | Found a white marble altar of Elyvilon.
   544 | D:4      | Reached XP level 4. HP: 22/29 MP: 4/4
   713 | D:4      | Reached XP level 5. HP: 8/34 MP: 5/5
   782 | D:5      | Entered Level 5 of the Dungeon
   794 | D:5      | Reached skill level 4 in Evocations
   806 | D:5      | Found a faded altar of an unknown god.
   807 | D:5      | Noticed Blork the orc
   808 | D:5      | Found a hazy altar of Hepliaklqana.
   816 | D:5      | Slain by Blork the orc

Illustrated notes

Levels and vault maps discovered:
D:1:      roderic_crop_circles_arrival_small, layout_loops_ring
D:2:      layout_loops_cross, basic_ecumenical_altar, minmay_gold_behind_fungi,
          uniq_natasha, uniq_robin, uniq_terence
D:3:      layout_basic, mainiacjoe_overflow_concentric_impassable,
          lemuel_doored_altar, uniq_grinder
D:4:      layout_rooms, elyvilon_altar_3, okawaru_gym_becter, serial_undead,
          serial_undead_b, serial_undead_a, serial_undead_b, serial_undead_a,
          kennysheep_dice
D:5:      layout_loops_ring, beargit_hepliaklqana_dungeon_heroes,
          mainiacjoe_overflow_tiny_flanked, uniq_crazy_yiuf_cottage,
          uniq_blork_the_orc

Skill      XL: |  1  2  3  4  5 |
---------------+----------------+-----
Unarmed Combat | 1 2 |  2.8
Stealth        | 2 3 |  3.2
Fighting       | 2 |  2.2
Dodging        | 3 |  3.1
Evocations     | 4 |  4.0

Action                   |  1- 3 |  4- 6 || total
-------------------------+-------+-------++-------
Melee: Unarmed           |    82 |    36 ||   118
       Constrict         |    30 |     7 ||    37
       Tentacles         |    26 |     6 ||    32
       Punch             |     2 |     1 ||     3
Evoke: Wand              |       |     6 ||     6
 Stab: Sleeping          |     2 |     1 ||     3
       Betrayed ally     |       |     1 ||     1
Armor: Skin              |     7 |       ||     7
Dodge: Dodged            |    37 |    23 ||    60

Table legend: (Time is in decaauts)
 A = Elapsed time spent in this place.
 B = Non-inter-level travel time spent in this place.
 C = Inter-level travel time spent in this place.
 D = Time resting spent in this place.
 E = Time spent auto-exploring this place.
 F = Levels seen in this place.
 G = Mean time per level.
                   A        B        C        D        E       F      G
               +--------+--------+--------+--------+--------+-----+--------+
         Total |    812 |    797 |     15 |      5 |    414 |   5 |  162.4 |
       Dungeon |    812 |    797 |     15 |      5 |    414 |   5 |  162.4 |
               +--------+--------+--------+--------+--------+-----+--------+

Top non-repeatable levels by time:
     D:4: 351 daAuts
     D:3: 217 daAuts
     D:1: 203 daAuts
     D:5: 33 daAuts
     D:2: 6 daAuts
